Cogmind - Beta 16 @@@ ROGUE MODE // 2025.12.27 @ 19:17:45 Player: acra Result: Self-destructed Performance ------------- Evolutions (3) 1500 Regions Visited (4) 800 Robots Destroyed (28) 140 Value Destroyed (892) 892 Prototype IDs (1) 20 Alien Tech Used (0) 0 Bonus (0) 0 TOTAL SCORE: 3352 Bonus ------- None Cogmind --------- Core Integrity 655/700 Matter 250/300 Energy 100/100 System Corruption 0% Temperature Cool (0) Movement Flying (32) Location -7/Factory Parts ------- > --- POWER (1) -------- (None) > --- PROPULSION (2) --- VTOL Module VTOL Module > --- UTILITY (8) ------ Trap Scanner Advanced Terrain Scan Processor Improved Targeting Computer > --- WEAPON (2) ------- (None) > --- INVENTORY (5) ---- Compact Wheel VTOL Module VTOL Module Particle Cannon Particle Cannon Peak State ------------ > --- POWER ------------ Micro Nuclear Core > --- PROPULSION ------- Carbon-fiber Leg Carbon-fiber Leg > --- UTILITY ---------- Improved Heat Sink Small Storage Unit Advanced Weight Redist. System Improved Light Armor Plating Hacking Suite Hacking Suite > --- WEAPON ----------- Light EM Pulse Cannon Gauss Rifle > --- INVENTORY -------- Aluminum Leg Aluminum Leg Carbon-fiber Leg Titanium Leg Compact Wheel Improved Light Armor Plating Light EM Pulse Cannon [Rating: 33] Favorites ----------- Power Ion Engine Engine Ion Engine Power Core Light Nuclear Core Propulsion Aluminum Leg Leg Aluminum Leg Wheel Compact Wheel Hover Unit Hover Unit Flight Unit VTOL Module Utility Hacking Suite Device Improved Heat Sink Storage Small Storage Unit Processor Improved Targeting Computer Hackware Hacking Suite Protection Improved Light Armor Plating Weapon Small Laser Energy Gun Small Laser Energy Cannon Light EM Pulse Cannon Ballistic Gun Gauss Rifle Build | -11 -10 -9 -8 -7 ------- Run | Yrd Mat Mat Mat Fac Slots Evolved 6 | . . 2 2 2 Power . | . . . . . Propulsion . | . . . . . Utility 6 | . . 2 2 2 Weapon . | . . . . . Parts Attached 43 | 7 6 10 11 9 Power 7 | 1 1 1 2 2 Engine 5 | 1 1 1 2 . Core 2 | . . . . 2 Reactor . | . . . . . Propulsion 14 | 3 1 5 3 2 Treads . | . . . . . Leg 7 | 2 1 1 3 . Wheel 2 | 1 . 1 . . Hover 2 | . . 2 . . Flight 3 | . . 1 . 2 Utility 11 | 1 4 . 3 3 Device 5 | . 3 . 1 1 Storage 1 | 1 . . . . Processor 2 | . . . . 2 Hackware 2 | . 1 . 1 . Protection 1 | . . . 1 . Artifact . | . . . . . Weapon 11 | 2 . 4 3 2 Energy Gun 5 | 2 . 2 . 1 Energy Cannon 3 | . . 2 . 1 Ballistic Gun 3 | . . . 3 . Ballistic Cannon . | . . . . . Launcher . | . . . . . Special Weapon . | . . . . . Impact Weapon . | . . . . . Slashing Weapon . | . . . . . Piercing Weapon . | . . . . . Special Melee Weapon . | . . . . . Unidentified Prototypes 1 | . . . 1 . Parts Lost 10 | . . 5 2 3 Power 2 | . . 1 1 . Propulsion 4 | . . 3 . 1 Utility 1 | . . . . 1 Weapon 3 | . . 1 1 1 Highest Loss Streak 3 | . . 3 2 3 To Critical Strikes 1 | . . . 1 . Average Backups 6 | 1 6 7 6 5 Power . | . 1 1 . . Propulsion 3 | . 3 4 4 3 Utility . | . . . . . Weapon 1 | . 1 2 1 1 Tool/Special . | . . . . . Unused Backups 9 | . . 2 . 7 Power . | . . . . . Propulsion 4 | . . . . 4 Utility 1 | . . . . 1 Weapon 4 | . . 2 . 2 Tool/Special . | . . . . . Average Slot Usage (%) 84 | . 98 83 91 59 Engine 7 | . 14 8 6 . Core 1 | . . . . 5 Leg 15 | . 28 9 16 5 Wheel 1 | . . 2 1 . Hover 1 | . . 8 . . Flight 2 | . . . . 9 Device 12 | . 9 11 17 6 Storage 9 | . 14 11 9 2 Hackware 12 | . 2 11 17 15 Protection 2 | . . . 6 2 Energy Gun 12 | . 28 15 6 . Energy Cannon 3 | . . 5 3 2 Ballistic Gun 2 | . . . 6 2 Peak Build Rating 33 | 6 10 15 32 33 Average Rating 18 | 4 8 13 27 21 On Entrance 11 | . 6 10 10 29 Avg Prop Armor Cover (%) 10 | . . 5 11 . Naked Turns . | . . . . . Heaviest Build 26 | 13 14 19 26 23 Greatest Support 39 | 20 20 20 39 30 Greatest Overweight (x) 3 | . . 3 . 3 Average Overweight (x) . | . . . . . Largest Inventory Capacity 8 | 8 8 8 8 8 Average Capacity 7 | 7 8 8 8 6 Most Carried 8 | 3 8 8 8 8 Average Carried 6 | 1 6 7 6 5 Final Capacity 8 | 8 8 8 8 5 Final Carried 8 | 3 8 6 7 5 Class Distribution -------------------- 41% | Hacker-Mutant 37% | Mutant 13% | Hacker-Sprinter 8% | Scavenger-Mutant Dominant Class ---------------- Mutant | -10/Materials Mutant | -9/Materials Hacker-Mutant | -8/Materials Hacker-Sprinter | -7/Factory Resources | -11 -10 -9 -8 -7 ----------- Run | Yrd Mat Mat Mat Fac Matter Collected 733 | 71 256 61 315 30 Remotely . | . . . . . Salvage Created 1031 | . 269 168 493 101 Parts 65 | . 15 16 25 9 Haulers Intercepted 1 | . . . 1 . Recyclers Shooed . | . . . . . Parts Field Recycled . | . . . . . Retrieved Matter . | . . . . . Parts Self-Destructed . | . . . . . Prevented . | . . . . . Parts Restored . | . . . . . Kills | -11 -10 -9 -8 -7 ------- Run | Yrd Mat Mat Mat Fac Combat Hostiles Destroyed 26 | . 6 6 10 4 Guns 19 | . 6 5 8 . Cannons 7 | . . 1 2 4 Classes Destroyed 6 | . 2 2 2 . Hauler 1 | . . . 1 . Operator 1 | . 1 . . . Swarmer 9 | . . 3 2 4 Grunt 11 | . 6 2 3 . Sentry 5 | . . 1 4 . Hunter 1 | . . . 1 . Best Kill Streak 8 | . 2 4 8 4 Combat Bots Only 7 | . 2 4 7 4 Max Kills in Single Turn 2 | . 1 2 1 1 Gunslinging . | . . . . . Exploded . | . . . . . Melee . | . . . . . Uniques/NPCs Destroyed . | . . . . . Combat | -11 -10 -9 -8 -7 -------- Run | Yrd Mat Mat Mat Fac Hostile Shots Fired 156 | . 21 50 61 24 Missed 43 | . 5 11 21 6 Hits 113 | . 16 39 40 18 Melee 2 | . . 2 . . Projectile 111 | . 16 37 40 18 Critical Strikes 2 | . 1 . 1 . Damage Taken 1533 | . 190 528 541 274 Core 246 | . 12 161 28 45 Absorbed by Shields . | . . . . . Core Remaining (%) 87 | 100 95 59 94 . Volleys Fired 81 | . 20 13 40 8 Largest 2 | . 2 2 2 1 Hottest 112 | . 90 112 112 56 Shots Fired 137 | . 40 26 63 8 Gun 116 | . 40 22 53 1 Cannon 21 | . . 4 10 7 Launcher . | . . . . . Special . | . . . . . Kinetic 37 | . . . 36 1 Thermal 79 | . 40 22 17 . Explosive . | . . . . . Electromagnetic 21 | . . 4 10 7 Robot Hit Streak 21 | . 15 21 19 3 Robot Miss Streak 5 | . 2 2 5 4 Penetration Max 1 | . . . 1 . Secondary Targets 2 | . 1 1 . . Max Gunslinging Chain 1 | . 1 1 . . Shots Hit Robots 96 | . 28 21 43 4 Core Hits 49 | . 15 10 20 4 Critical Kills 1 | . . . 1 . Critical Parts Destroyed 1 | . . . 1 . Critical Strikes 6 | . 2 1 3 . Burn 4 | . 2 1 1 . Destroy 2 | . . . 2 . Melee Attacks . | . . . . . Impact . | . . . . . Slashing . | . . . . . Piercing . | . . . . . Sneak Attacks . | . . . . . Combat Hostiles . | . . . . . Follow-up Attacks . | . . . . . Damage Inflicted 1558 | . 333 319 791 115 Guns 1216 | . 331 228 657 . Cannons 323 | . . 74 134 115 Explosions . | . . . . . Melee . | . . . . . Ramming 19 | . 2 17 . . Kinetic 482 | . . . 482 . Thermal 734 | . 331 228 175 . Explosive . | . . . . . Electromagnetic 323 | . . 74 134 115 Impact . | . . . . . Slashing . | . . . . . Piercing . | . . . . . Highest Corruption . | . . . . . Average Corruption . | . . . . . Corruption Purged . | . . . . . Corruption Blocked . | . . . . . Overload Shots . | . . . . . Overflow Damage . | . . . . . Projectiles . | . . . . . Explosions . | . . . . . Melee . | . . . . . Knockbacks . | . . . . . Impact . | . . . . . Kinetic . | . . . . . Secondary . | . . . . . Self-Inflicted Damage 8 | . . 8 . . Shots . | . . . . . Rammed 1 | . . 1 . . Targets Rammed 2 | . 1 1 . . Kicked 1 | . 1 . . . Crushed . | . . . . . Highest Temperature 102 | . 102 9 9 28 Average Temperature 21 | . 29 5 9 17 Received Heat Transfer 489 | . 126 183 180 . Siege Activations . | . . . . . Martial Activations . | . . . . . Shielding Activations . | . . . . . Robots Disrupted . | . . . . . Combat Hostiles . | . . . . . Robots Corrupted . | . . . . . Combat Hostiles . | . . . . . Parts Fried 2 | . . . 2 . Impact Corruptions . | . . . . . Robots Melted . | . . . . . Combat Hostiles . | . . . . . Parts Melted 2 | . 1 . 1 . Heat Transferred 2166 | . 1028 620 518 . Parts Sabotaged . | . . . . . Parts Stolen . | . . . . . Parts Stripped . | . . . . . Power Chain Reactions . | . . . . . Alert | -11 -10 -9 -8 -7 ------- Run | Yrd Mat Mat Mat Fac Maximum Alert Level . | . . . . . Low Security (%) 100 | 100 100 100 100 100 Level 1 . | . . . . . Level 2 . | . . . . . Level 3 . | . . . . . Level 4 . | . . . . . Level 5 . | . . . . . High Security . | . . . . . Max Security . | . . . . . Peak Influence 180 | . 75 80 180 99 Initial 70 | . . 5 16 70 Average 38 | . 22 15 55 53 Influence Increases 835 | . 155 181 365 134 Destroy 0b10 Robot/C 520 | . 120 120 200 80 Destroy 0b10 Robot/NC 10 | . 5 . 5 . Destroy Leader 142 | . 30 30 72 10 Successful Hack 58 | . . 31 13 14 Disable Machine 15 | . . . . 15 Partial Spotted 15 | . . . . 15 Lose Combat Pursuer 75 | . . . 75 . Influence Decreases 821 | . 140 156 250 275 Entered New Map 119 | . . 10 24 85 Time Decay 602 | . 140 96 206 160 Lost Part 100 | . . 50 20 30 Squads Dispatched 10 | . 2 1 5 2 Investigation 3 | . 1 1 1 . Extermination 1 | . . . . 1 Reinforcement 4 | . 1 . 2 1 Assault . | . . . . . Garrison 2 | . . . 2 . Intercept . | . . . . . Searches Triggered . | . . . . . Construction Impeded . | . . . . . Haulers Reinforced . | . . . . . Active Scanning Responses . | . . . . . Cargo Convoy Interrupts . | . . . . . Stealth | -11 -10 -9 -8 -7 --------- Run | Yrd Mat Mat Mat Fac Distress Signals 6 | . 3 1 2 . Communications Jammed . | . . . . . Distress Signals . | . . . . . Times Spotted 65 | . 10 17 29 9 Peak Tracking Total 12 | . 2 12 6 4 Tactical Retreats 3 | . . . 3 . Traps | -11 -10 -9 -8 -7 ------- Run | Yrd Mat Mat Mat Fac Traps Triggered 4 | . 1 1 1 1 Indirectly . | . . . . . Trap Hack Attempts . | . . . . . Triggered . | . . . . . Disarmed . | . . . . . Reprogrammed . | . . . . . Reused . | . . . . . Traps Extracted . | . . . . . Installed . | . . . . . Triggered . | . . . . . Machines | -11 -10 -9 -8 -7 ---------- Run | Yrd Mat Mat Mat Fac Machines Disabled 1 | . . . . 1 Max in Single Turn 1 | . . . . 1 Machines Repaired . | . . . . . Machines Dismantled . | . . . . . Machines Sabotaged . | . . . . . Overloaded Fab Kills . | . . . . . Hacking | -11 -10 -9 -8 -7 --------- Run | Yrd Mat Mat Mat Fac Machines Accessed 17 | . 2 4 4 7 Terminals 14 | . 2 4 4 4 Fabricators 2 | . . . . 2 Repair Stations . | . . . . . Recycling Units 1 | . . . . 1 Scanalyzers . | . . . . . Garrison Access . | . . . . . Total Hacks 41 | . 7 8 13 13 Successful 16 | . 1 4 7 4 Failed 25 | . 6 4 6 9 Catastrophic 4 | . . 1 1 2 Database Lockouts . | . . . . . Manual 26 | . 7 5 10 4 Terminals 35 | . 7 8 13 7 Fabricators 5 | . . . . 5 Repair Stations . | . . . . . Recycling Units 1 | . . . . 1 Scanalyzers . | . . . . . Garrison Access . | . . . . . Terminal Hacks 14 | . 1 4 7 2 Part Schematic 1 | . . . 1 . Level Access Points 2 | . . 1 1 . Branch Access Points 2 | . . 1 1 . Emergency Access Points 1 | . . 1 . . Terminal Index 4 | . 1 1 1 1 Alert Level 1 | . . . 1 . Recall Investigation 1 | . . . 1 . Registered Components 1 | . . . 1 . Zone Layout 1 | . . . . 1 Fabricator Hacks 1 | . . . . 1 Network Status 1 | . . . . 1 Repair Station Hacks . | . . . . . Recycling Unit Hacks 1 | . . . . 1 Retrieve Components 1 | . . . . 1 Scanalyzer . | . . . . . Garrison Access Hacks . | . . . . . Unauthorized Hacks . | . . . . . Terminals . | . . . . . Fabricators . | . . . . . Repair Stations . | . . . . . Recycling Units . | . . . . . Scanalyzers . | . . . . . Garrison Access . | . . . . . Data Cores Recovered . | . . . . . Used . | . . . . . Hacking Detections 13 | . 2 3 2 6 Full Trace Events . | . . . . . Feedback Events . | . . . . . Feedback Blocked . | . . . . . Robot Schematics Acquired . | . . . . . Robots Built . | . . . . . Authchips . | . . . . . Time . | . . . . . Total Robot Build Rating . | . . . . . Part Schematics Acquired 1 | . . . 1 . Parts Built . | . . . . . Authchips . | . . . . . Time . | . . . . . Total Part Build Rating . | . . . . . Part Studies Acquired . | . . . . . Parts Repaired . | . . . . . Time . | . . . . . Parts Recycled . | . . . . . Recycled Matter . | . . . . . Retrieved Matter . | . . . . . Retrieved Components 2 | . . . . 2 Parts Scanalyzed . | . . . . . Part Schematics Acquired . | . . . . . Parts Damaged . | . . . . . Bothacking | -11 -10 -9 -8 -7 ------------ Run | Yrd Mat Mat Mat Fac Used RIF Installer . | . . . . . Robots Hacked . | . . . . . Non-combat . | . . . . . Combat . | . . . . . Robot Hacks Applied . | . . . . . Relay Couplers Released . | . . . . . Fabnet Peak Effective % . | . . . . . Robots Rewired . | . . . . . Allies Hacked . | . . . . . Hacks Repelled . | . . . . . Allies | -11 -10 -9 -8 -7 -------- Run | Yrd Mat Mat Mat Fac Total Allies . | . . . . . Largest Group . | . . . . . Highest-Rated Group . | . . . . . Highest-Rated Ally . | . . . . . Total Orders . | . . . . . Ally Attacks . | . . . . . Total Damage . | . . . . . Kills . | . . . . . Allies Corrupted . | . . . . . Allies Melted . | . . . . . Intel | -11 -10 -9 -8 -7 ------- Run | Yrd Mat Mat Mat Fac Active Infowar (turns) 25 | . 14 . . 11 Structural 14 | . 14 . . . Traps 11 | . . . . 11 Robot Analysis Total . | . . . . . Derelict Logs Recovered . | . . . . . Drone Launches . | . . . . . Drone Recoveries . | . . . . . Exploration | -11 -10 -9 -8 -7 ------------- Run | Yrd Mat Mat Mat Fac Turns Passed 1594 | 53 374 301 546 320 Spaces Moved 1518 | 36 237 283 330 632 Core 5 | 2 . 3 . . Treads . | . . . . . Legs 653 | 28 237 75 234 79 Wheels 141 | 6 . 39 96 . Hover 166 | . . 166 . . Flight 553 | . . . . 553 Fastest Speed 32 | 50 120 56 100 32 Average Speed 79 | 109 120 81 114 43 Slowest Speed 275 | 120 120 200 120 275 Overloaded Moves . | . . . . . Propulsion Burnouts . | . . . . . Robots Hopped 4 | . . . . 4 Potential Cave-ins . | . . . . . Cave-ins Triggered . | . . . . . Exploration Rate (%) 27 | 4 39 39 32 22 Regions Visited 4 Branch Regions . Pre-discovered Areas . | . . . . . Known Exits Taken 2 | . . 1 1 . Unknown Exits Taken 2 | 1 1 . . . Scrap Searched . | . . . . . Spaces Dug . | . . . . . Terrain Destroyed . | . . . . . Melee . | . . . . . Projectile . | . . . . . AOE . | . . . . . Terrain Rammed . | . . . . . Walls Destroyed . | . . . . . Machines Disabled . | . . . . . Actions | -11 -10 -9 -8 -7 --------- Run | Yrd Mat Mat Mat Fac Total 1759 | 47 286 327 434 665 Wait 64 | . 14 8 41 1 Move 1506 | 35 236 282 329 624 Hop 4 | . . . . 4 Pick Up 21 | 4 5 5 3 4 Fast Attach 24 | 5 2 3 6 8 Attach 8 | 2 . 3 3 . Detach 4 | 1 . . 1 2 Swap 17 | . 4 5 7 1 Drop 28 | . 4 7 4 13 Fire 81 | . 20 13 40 8 Melee . | . . . . . Ram 1 | . . 1 . . Kick 1 | . 1 . . . Crush . | . . . . . Escape Stasis . | . . . . . Rewire . | . . . . . Trap . | . . . . . Miscellaneous . | . . . . . Route ------- -11/Scrapyard -10/Materials (discovered 2 exits: *Mat / [*Min]) -9/Materials (discovered 6 exits: *Mat x3 / *Min x2 / Sto) -8/Materials (discovered 3 exits: *Fac x3) -7/Factory History --------- Turn | Location | Event 9 | -11/Scrapyard | Discovered new exit (range 16) 54 | -11/Scrapyard | Entered Materials 111 | -10/Materials | Met 8R-AWN 155 | -10/Materials | Discovered new exit (range 16) 313 | -10/Materials | Build established: Mutant 382 | -10/Materials | Discovered new exit (range 9) 428 | -10/Materials | Entered another Materials area 428 | -9/Materials | Evolved 2 slots: Utility x2 623 | -9/Materials | Identified exit to Mines 623 | -9/Materials | Identified exit to Storage 633 | -9/Materials | Identified exit to Materials 693 | -9/Materials | Lost 3 parts (1p2n) 729 | -9/Materials | Entered another Materials area 729 | -8/Materials | Evolved 2 slots: Utility x2 1050 | -8/Materials | Build established: Hacker-Mutant 1051 | -8/Materials | Identified exit to Factory 1112 | -8/Materials | Garrison activated, responded to threat 1203 | -8/Materials | Destroyed 7 combat bots 1275 | -8/Materials | Entered Factory 1275 | -7/Factory | Evolved 2 slots: Utility x2 1409 | -7/Factory | Lost 3 parts (1n1u1w) 1595 | -7/Factory | Self-destructed Last Messages --------------- 01512_ ALERT: Hostiles spotted, dispatching reinforcements to Terminal F014. 01520_ K-01 Serf cleans the Fusion Modulator. 01523_ Acquired Adv. Terrain Scan Processor. 01536_ ALERT: Potential suspicious activity detected, Programmers report to Factory Zone 7M. 01537_ Connecting with Recycling Unit... >>Retrieve(Components) Retrieving 2 components... Power Sword Gravmag Array 01580_ K-01 Serf cleans the DSF Access. 01584_ Acquired Trap Scanner. 01588_ K-01 Serf cleans the DSF Access. 01594_ Triggered Blade Trap. 01594_ Massive razor-sharp blades shoot up from within the floor. 01594_ Hacking Suite severed. 01594_ Lgt. Nuclear Core severed. Map ----- +----------------------------------------------------+ | ?????????????????????????????????????? | | ?????????????????????????????????????? | | ?????????????????????????????????????? | | ?????????????????????????????????????? | | ?????????????????????????????????????? | | ?????????????????????????????????????? | | ?????????????????????????????????????? | | ?????????????????????????????????????? | | ?????????????????????????????????????? | | ?????????????????????????????????????? | | ?????????????????????????????????????? | | ?????????????????????????????????????? | | ?????????????????????????????????????? | | ?????????????????????????????????????? | | ?????????????????????????????????????? | | ?????????????????????????????????????? | | ??????????#??????????????????????????? | | ??????????# ?????????????????????????? | | ??????????# ????????????????????#???? | | ??????????# ?????????????????? #???? | | ??????? ### ####+####???????? ????? | | ?????? ######?? #???? | | ?????? ^ ## #???? | | ????? #???? | | ????? * #?????????? | | ????? ###@######?????? | | ?????????##+##### # ??????? | | ????????????????# # "" ""???????? | | ????????????????# # "" "" ?????? | | ????????????????# + """ """ Y#???? | | ????????????????# # """ """ ##???? | | ????????????????# # """ """ ?????? | | ????????????????# # ?????? | | ???????????????## #! * ??????? | | ???????????????# ###########????? | | ???????????????#T # #????? | | ???????????????## + """" ??????? | | ????????????????# # """" ??????? | | ????????????????# # """"???????? | | ????????????????# #? """"???????? | | ????????????????# #? """"???????? | | ???############## #?? """"???????? | | ???# # #?? ???????? | | ???# + #???####???????? | | ???# # ########???????? | | ???# # # #???????? | | ???# # # #???????? | | ???# # # #???????? | | ???# # # #???????? | | ???# !# # """ #####???? | +----------------------------------------------------+ Best States ------------- Heat Dissipation 45 Energy Generation 15 Energy Capacity 275 Matter Stores 300 Matter Capacity 300 Sight Range 16 Terrain Scan Density 210 Additional Mass Support 9 Armor Coverage 150 Evasion (%) 63 Targeting Accuracy 6 Offensive Hacking 20 Item Schematics ----------------- Hacking Suite | -8/Materials | Hacked Robot Schematics ------------------ None Fabricated ------------ Nothing Repaired ---------- Nothing Studied --------- None Alien Tech Used ----------------- None Achievements -------------- Follow The Leader Challenges ------------ None Game ------ Seed ExperimentalDronePendant Manual? 0 Play Time 00:23:42 Cumulative 54.5 hours Start 2025.12.27 @ 18:49:40 End 2025.12.27 @ 19:17:45 Sessions 2 Manual Loads 0 Difficulty Rogue Special Mode None Game No. 91 Rogue 73 Adventurer 17 Explorer 1 Win Type - Total 3 Types 3/0/0/0/0/0/0/0/0/0 Lore% 15 Gallery% 37 Achievement% 22 Wizard Run 0 Options --------- Layout 1 ASCII 0 Keyboard 0 Movement Arrows Keybinds 0 Fullscreen 1 Font 24/Smallcaps Map View 50x35 Zoom Use 0% Tactical HUD 1 Map Filters NONE Filters NONE Steam 1 RUN: d1fe3aca-97a4-4fff-a362-0a9484f1b3c9